Map: Emerald City LE

Players

Seawolf

  • Race: Terran Terran
  • League: Platinum
  • Spawn Location: 5:00

Giovanni

  • Race: Protoss Protoss
  • Spawn Location: 5:00

Drdag - Winner!

  • Race: Protoss Protoss
  • Spawn Location: 11:00

WilouGhost - Winner!

  • Race: Terran Terran
  • League: Silver
  • Spawn Location: 11:00

VOD

Have the link to the VOD?

Description

Time

  • Played on: May 6, 2020, 5:07 p.m.
  • Length: 9:30
Show
View Real Time Build Order
Export as new Build Order

Seawolf Terran 

Build Orders:  

Get SALT Encoding   

  12  0:03  SCV  
  13  0:15  SCV  
  14  0:26  Supply Depot  
  14  0:27  SCV  
  15  0:48  SCV  
  16  0:50  Barracks  
  16  1:00  SCV, Refinery  
  16  1:02  Refinery  
  17  1:12  SCV  
  18  1:24  SCV  
  19  1:36  SCV  
  20  1:42  Supply Depot  
  20  1:48  SCV  
  20  1:51  Factory  
  21  2:01  SCV  
  22  2:34  Factory Tech Lab  
  22  2:37  Supply Depot  
  22  2:48  SCV  
  22  2:59  Siege Tank  
  22  3:00  SCV  
  26  3:16  Supply Depot  
  26  3:20  Orbital Command  
  22  3:51  Orbital Command  
  22  4:28  Siege Tank  
  25  4:34  Orbital Command  
  25  5:23  Refinery  
  25  5:46  Bunker  
  25  5:47  SCV  
  26  6:12  SCV  
  27  6:22  Barracks  
  27  6:24  SCV  
  28  6:32  Marine  
  29  6:50  Marine  
  30  6:57  Bunker  
  30  7:07  Marine  
  30  7:08  Armory  
  31  7:09  Supply Depot  
  31  7:14  Armory  
  31  7:25  Marine  
  32  7:31  Bunker  
  32  7:32  Supply Depot  
  32  7:37  Engineering Bay  
  32  7:40  Siege Tank  
  35  7:44  SCV  
  36  7:55  Supply Depot  
  36  7:56  SCV  
  37  8:08  SCV  
  38  8:20  SCV  
  38  8:22  Marine  
  40  8:32  SCV  
  44  8:39  Marine  
  42  8:49  Command Center  
  42  8:57  Marine  
  43  9:03  Sensor Tower  
Show
View Real Time Build Order
Export as new Build Order

Giovanni Protoss 

Build Orders:  

Get SALT Encoding   

  12  0:12  Pylon  
  12  0:19  Assimilator  
  12  0:31  Gateway  
  12  0:34  Probe (Chrono Boost)  
  13  0:44  Probe (Chrono Boost)  
  13  0:49  Probe (Chrono Boost)  
  15  1:01  Probe (Chrono Boost)  
  16  1:06  Forge  
  16  1:13  Probe (Chrono Boost)  
  17  1:20  Probe (Chrono Boost)  
  17  1:24  Pylon  
  18  1:38  Cybernetics Core  
  18  1:45  Protoss Shields Level 1  
  18  1:49  Probe  
  19  2:02  Assimilator  
  19  2:03  Probe  
  20  2:16  Probe  
  21  2:28  Probe  
  22  2:36  Stargate  
  22  2:42  Zealot (Chrono Boost)  
  24  3:02  Zealot (Chrono Boost)  
  26  3:16  Protoss Air Weapons Level 1  
  26  3:24  Stargate  
  26  3:26  Zealot  
  26  3:47  Void Ray (Chrono Boost)  
  30  4:07  Pylon  
  30  4:09  Pylon  
  30  4:24  Void Ray (Chrono Boost)  
  30  4:25  Zealot  
  36  4:52  Zealot  
  38  4:58  Void Ray  
  42  5:14  Nexus  
  42  5:16  Assimilator  
  42  5:19  Zealot  
  44  5:21  Assimilator  
  44  5:29  Protoss Air Armor Level 1  
  44  5:44  Pylon  
  44  5:46  Pylon  
  44  5:47  Pylon  
  44  5:59  Void Ray (Chrono Boost)  
  48  6:06  Probe  
  49  6:18  Probe  
  50  6:28  Void Ray  
  50  6:30  Probe  
  55  6:34  Probe  
  56  6:45  Probe (Chrono Boost)  
  56  6:46  Probe (Chrono Boost)  
  58  6:56  Probe (Chrono Boost)  
  58  6:58  Probe (Chrono Boost)  
  58  7:01  Probe (Chrono Boost)  
  60  7:06  Probe  
  62  7:16  Fleet Beacon  
  62  7:19  Probe  
  63  7:32  Probe (Chrono Boost)  
  64  7:38  Twilight Council  
  64  7:44  Void Ray, Probe (Chrono Boost)  
  65  7:48  Void Ray  
  65  7:51  Unknown  
  73  8:07  Probe  
  74  8:19  Void Ray  
  75  8:20  Probe  
  75  8:32  Probe (Chrono Boost)  
  80  8:44  Probe (Chrono Boost)  
  85  8:58  Pylon  
Show
View Real Time Build Order
Export as new Build Order

Drdag Protoss - Winner!

Build Orders: Cannon Rush 

Get SALT Encoding   

  12  0:16  Pylon  
  12  0:24  Probe (Chrono Boost)  
  13  0:34  Probe (Chrono Boost)  
  14  0:37  Forge  
  14  0:52  Gateway  
  14  1:00  Probe  
  14  1:01  Assimilator  
  15  1:22  Pylon  
  15  1:40  Pylon  
  15  1:44  Photon Cannon  
  15  1:45  Photon Cannon  
  15  1:52  Photon Cannon  
  15  2:01  Probe (Chrono Boost)  
  16  2:11  Probe (Chrono Boost)  
  17  2:15  Pylon  
  17  2:16  Probe (Chrono Boost)  
  18  2:32  Pylon  
  18  2:37  Pylon  
  18  2:41  Pylon  
  18  2:49  Photon Cannon  
  18  2:53  Photon Cannon  
  18  3:12  Photon Cannon  
  18  3:15  Photon Cannon  
  18  3:33  Cybernetics Core  
  18  4:06  Nexus  
  18  4:10  Assimilator  
  18  4:15  Assimilator  
  18  4:38  Probe (Chrono Boost)  
  18  4:39  Assimilator  
  19  4:49  Probe (Chrono Boost)  
  20  4:53  Probe (Chrono Boost)  
  20  4:58  Pylon  
  21  5:05  Probe  
  22  5:17  Probe  
  22  5:31  Probe (Chrono Boost)  
  23  5:38  Probe (Chrono Boost)  
  23  5:42  Probe (Chrono Boost)  
  25  5:46  Probe (Chrono Boost)  
  26  5:50  Probe (Chrono Boost)  
  27  6:01  Pylon  
  27  6:02  Probe  
  28  6:12  Protoss Air Weapons Level 1  
  28  6:14  Probe  
  29  6:26  Stargate, Probe (Chrono Boost)  
  29  6:28  Stargate  
  30  6:38  Probe (Chrono Boost)  
  31  6:43  Probe (Chrono Boost)  
  32  6:52  Probe  
  33  7:04  Probe  
  34  7:09  Nexus  
  34  7:11  Assimilator, Robotics Facility  
  34  7:15  Assimilator  
  34  7:16  Probe (Chrono Boost)  
  35  7:29  Probe (Chrono Boost)  
  36  7:31  Void Ray x2  
  45  7:37  Probe (Chrono Boost)  
  45  7:39  Pylon  
  45  7:42  Pylon  
  45  7:43  Probe  
  45  7:47  Pylon  
  45  7:48  Nexus  
  46  7:54  Assimilator  
  46  7:55  Assimilator  
  46  7:57  Probe  
  47  8:00  Observer  
  47  8:03  Robotics Bay  
  48  8:21  Probe (Chrono Boost)  
  49  8:32  Probe (Chrono Boost)  
  49  8:33  Probe (Chrono Boost)  
  51  8:36  Void Ray  
  51  8:40  Probe (Chrono Boost)  
  51  8:41  Probe (Chrono Boost)  
  57  8:44  Fleet Beacon  
  57  8:45  Probe (Chrono Boost)  
  57  8:48  Probe  
  59  8:57  Probe  
  59  9:00  Probe  
  61  9:09  Probe (Chrono Boost)  
  62  9:14  Probe (Chrono Boost)  
  67  9:18  Probe (Chrono Boost)  
Show
View Real Time Build Order
Export as new Build Order

WilouGhost Terran - Winner!

Build Orders:  

Get SALT Encoding   

  12  0:01  SCV  
  13  0:13  SCV  
  14  0:19  Supply Depot  
  14  0:25  SCV  
  15  0:29  Refinery  
  15  0:45  Barracks  
  15  0:50  SCV  
  16  1:06  SCV  
  17  1:28  Command Center  
  17  1:33  Barracks Reactor  
  17  1:40  SCV  
  18  1:48  Refinery  
  18  1:52  SCV  
  19  2:05  Orbital Command  
  19  2:20  Marine x2  
  21  2:33  Factory  
  21  2:35  SCV  
  22  2:38  Marine  
  22  2:39  Marine  
  22  2:40  SCV  
  25  2:53  SCV  
  25  2:58  SCV  
  27  3:05  SCV  
  28  3:10  SCV  
  28  3:12  Marine x2  
  31  3:22  Starport, SCV  
  31  3:23  SCV  
  33  3:30  Factory Reactor, Marine x2  
  35  3:35  SCV  
  36  3:44  Barracks  
  36  3:48  SCV  
  37  3:51  SCV  
  38  4:00  SCV  
  39  4:03  SCV  
  39  4:07  Starport Reactor  
  40  4:11  Marine x2  
  40  4:12  SCV  
  40  4:15  SCV  
  45  4:24  SCV  
  45  4:27  SCV  
  46  4:40  Supply Depot  
  46  4:43  Barracks Reactor  
  46  4:46  Supply Depot  
  46  4:56  Barracks  
  46  5:01  SCV, Marine x2  
  46  5:02  Hellion x2  
  46  5:06  Refinery  
  53  5:07  Refinery  
  53  5:09  Medivac x2  
  53  5:14  SCV  
  58  5:19  Marine x2  
  58  5:21  Supply Depot  
  60  5:22  Supply Depot  
  60  5:33  Marine x2  
  62  5:42  Marine x2  
  66  5:43  Hellion  
  66  5:45  Orbital Command  
  66  5:51  Marine x2  
  66  5:54  Barracks Tech Lab  
  68  5:59  Engineering Bay  
  68  6:00  Marine x2  
  68  6:01  Engineering Bay  
  70  6:07  Hellion x2  
  70  6:08  Marine  
  70  6:09  Marine  
  76  6:18  Marine x2  
  78  6:25  Medivac x2  
  80  6:26  Marine x2  
  80  6:32  Hellion x2  
  88  6:41  Starport  
  88  6:48  Fusion Core  
  88  6:53  Hellion  
  88  6:54  Hellion, SCV  
  93  7:06  SCV  
  94  7:10  Terran Infantry Weapons Level 1  
  94  7:11  Terran Infantry Armor Level 1  
  94  7:43  Supply Depot  
  94  8:05  SCV, Marine x5  
  100  8:06  Supply Depot  
  100  8:09  Starport Tech Lab  
  100  8:17  SCV  
  100  8:18  SCV  
  100  8:19  Armory  
  102  8:23  Marine x5  
  107  8:29  SCV  
  107  8:31  Supply Depot, Hellion  
  116  8:37  Starport  
  116  8:38  Medivac x2  
  116  8:40  Marine x5  
  125  8:58  Marine x3  
Tags
 
Add a new tag
Caveats
  • Supply blocks, unpowered buildings, or Contaminate may cause inaccurate times.
  • Supply counts are checked every 10 seconds.